 Dungeon Crawl Stone Soup version 0.32-a0-918-g0f22ef8d61 (webtiles) character file.

Game seed: 13993742996089385101

24 freelancePsychic the Apothecary (level 2, -1/21 HPs)
             Began as a Demonspawn Wanderer on Apr 10, 2024.
             Slain by a ribbon worm (4 damage)
             ... on level 2 of the Dungeon.
             The game lasted 00:03:07 (1142 turns).

freelancePsychic the Apothecary (DsWn)              Turns: 1142, Time: 00:03:07

Health: -1/21      AC:  3    Str: 12    XL:     2   Next: 79%
Magic:  0/3        EV:  9    Int: 11    God:
Gold:   46         SH:  4    Dex: 13    Spells: 2/3 levels left

rFire   . . .        a - +0 mace
rCold   . . .        b - +0 buckler
rNeg    . . .        d - +0 leather armour
rPois   .            (no helmet)
rElec   .            (no cloak)
rCorr   .            (no gloves)
SInv    .            (no boots)
Will    .....        (no amulet)
Stlth   ++           (no ring)
HPRegen 0.23/turn    (no ring)
MPRegen 0.08/turn

%: no passive effects
@: brilliant
A: demonic guardian 1
a: no special abilities


You were on level 2 of the Dungeon.
You visited 1 branch of the dungeon, and saw 2 of its levels.

You collected 46 gold pieces.

Inventory:

Hand Weapons
 a - a +0 mace (weapon)
Missiles
 h - 4 poisoned darts
Armour
 b - a +0 buckler (worn)
 d - a +0 leather armour (worn)
Scrolls
 e - 2 scrolls of fear
 f - 2 scrolls of poison {unknown}
 g - a scroll of amnesia {unknown}
 j - a scroll of fog {unknown}
 k - a scroll of enchant armour {unknown}


   Skills:
 + Level 1.5 Fighting
 + Level 2.9 Maces & Flails
 - Level 1.0 Armour
 * Level 1.7 Stealth
 - Level 1.0 Shields
 - Level 1.0 Spellcasting
 - Level 3.0 Alchemy


You had 2 spell levels left.
You knew the following spells:

 Your Spells              Type           Power      Damage    Failure   Level
a - Sting                 Conj/Alch      20%        1d4       32%         1

Your spell library contained the following spells:

 Spells                   Type           Power      Damage    Failure   Level
 Mephitic Cloud           Conj/Alch/Air  4%         N/A       75%         3
 Leda's Liquefaction      Alch/Erth      2%         N/A       97%         4


Dungeon Overview and Level Annotations

Branches:
Dungeon (2/15)

Altars:

Shops:
D:1 [


Innate Abilities, Weirdness & Mutations

A weak demonic guardian rushes to your aid.


Message History

You struggle to detach yourself from the web.
You struggle to detach yourself from the web.
The ribbon worm bites you!
The web tears apart.
The ribbon worm bites you.
* * * LOW HITPOINT WARNING * * *
A demonic guardian appears!
You hit the ribbon worm but do no damage.
The ribbon worm is moderately wounded.
The ribbon worm looks more healthy.
Something hits your shadow imp. The ribbon worm barely misses you.
Your shadow imp barely misses the ribbon worm.
Something closely misses your shadow imp.
As you read the scroll labelled KAUHATA UNAI, it crumbles to dust.
You assume a fearsome visage.
The goblin looks frightened!
The ribbon worm looks frightened!
It was a scroll of fear.
Your shadow imp hits the ribbon worm but does no damage.
Your shadow imp's attack snaps the ribbon worm out of its fear.
The ribbon worm expels a string of sticky webbing.
The stream of webbing hits you but does no damage.
You are caught in a web!
Something hits your shadow imp.
Your magical contamination has completely faded away.
The web tears apart.
Your shadow imp hits the ribbon worm.
Something hits your shadow imp. The ribbon worm barely misses you.
It was a potion of cancellation.
You feel magically purged.
Your shadow imp hits the ribbon worm.
Something misses your shadow imp.
You feel clever all of a sudden. The ribbon worm bites you.
* * * LOW HITPOINT WARNING * * *
Your shadow imp hits the ribbon worm but does no damage.
Something hits your shadow imp.
The goblin screams, "Help!"
Aiming: Sting (safe; 32% risk of failure)
Press: ? - help, Q - select action, (/) - cycle Shift-Dir - straight line, f/p - ribbon worm
Aim: a ribbon worm (heavily wounded, catching its breath, ally target, 89% to hit)
You feel a surge of power!
The sting hits the ribbon worm but does no damage.
The ribbon worm is poisoned.
The ribbon worm is heavily wounded.
The ribbon worm bites you.
You die...

####.###########
#####.## #... .#
#......# #.##
...#...#..## #.
..........# #.
.#.#.#....## #P
..........# ♣♣
.######.###
#@w...# ###5###
........#
.....g..#
........#
........#
........#
........#
.........


You could see a ribbon worm (poisoned, catching breath, ally target) and a
friendly shadow imp (summoned).

Vanquished Creatures
  5 bats
  3 endoplasms (D:1)
  A goblin (D:1)
  4 hobgoblins (D:1)
  3 kobolds (D:1)
  4 ball pythons (D:1)
  3 rats (D:1)
23 creatures vanquished.

Notes
Turn   | Place    | Note
-------+----------+-------------------------------------------
     0 | D:1      | freelancePsychic the Demonspawn Wanderer began the quest
                  | for the Orb.
     0 | D:1      | freelancePsychic set off with the following items: a +0
                  | mace, a +0 buckler, a potion of brilliance, a +0 leather
                  | armour; and the following spell memorised: Sting; and the
                  | following spells available to memorise: Mephitic Cloud,
                  | Leda's Liquefaction.
     0 | D:1      | Reached XP level 1. HP: 15/15 MP: 2/2
   346 | D:1      | Reached skill level 1 in Stealth
   352 | D:1      | Gained mutation: A weak demonic guardian rushes to your
                  | aid. [demonic ancestry]
   352 | D:1      | Reached XP level 2. HP: 16/21 MP: 1/3
   949 | D:1      | Found Guawyum's Antique Armour Shoppe.
  1142 | D:2      | Slain by a ribbon worm

Illustrated notes

Levels and vault maps discovered:
D:1:      saegor_arrival_simple_b, layout_loops_ring, serial_shops,
          nicolae_shop_pleasant_corner_grove, minmay_close_crescents
D:2:      layout_basic, serial_bayou_lake_a

Skill      XL: |  1 |
---------------+----+-----
Stealth        | 1 |  1.7
Fighting       | |  1.5
Maces & Flails | |  2.9
Armour         | |  1.0
Shields        | |  1.0
Spellcasting   | |  1.0
Alchemy        | |  3.0

Action                     || total
---------------------------++-------
  Melee: Mace              ||    47
   Cast: Sting             ||    22
    Use: Potion            ||     2
         Scroll            ||     1
   Stab: Sleeping          ||     1
 Armour: Leather armour    ||    39
  Dodge: Dodged            ||    25
  Block: Buckler           ||    15

Table legend: (Time is in decaauts)
 A = Elapsed time spent in this place.
 B = Non-inter-level travel time spent in this place.
 C = Inter-level travel time spent in this place.
 D = Time resting spent in this place.
 E = Time spent auto-exploring this place.
 F = Levels seen in this place.
 G = Mean time per level.
                   A        B        C        D        E       F      G
               +--------+--------+--------+--------+--------+-----+--------+
         Total |   1155 |   1144 |     11 |      0 |    921 |   2 |  577.5 |
       Dungeon |   1155 |   1144 |     11 |      0 |    921 |   2 |  577.5 |
               +--------+--------+--------+--------+--------+-----+--------+

Top non-repeatable levels by time:
     D:1: 1092 daAuts
     D:2: 62 daAuts
